 Dungeon Crawl Stone Soup version 0.23-a0-398-g8eab93fbe2 (console) character file.

140 Gottschkopf the Ruffian (level 5, 0/40 HPs)
             Began as a Draconian Transmuter on July 25, 2018.
             Slain by a worker ant (7 damage)
             ... on level 3 of the Dungeon on Nov 3, 2018.
             The game lasted 00:17:09 (2202 turns).

Gottschkopf the Ruffian (Draconian Transmuter)      Turns: 2202, Time: 00:17:09

Health: 0/40       AC:  5    Str: 13    XL:     5   Next: 2%
Magic:  6/8        EV: 12    Int: 14    God:
Gold:   104        SH:  4    Dex: 11    Spells: 2/8 levels left

rFire    . . .     SeeInvis .     - Unarmed
rCold    . . .     Gourm    .   (no shield)
rNeg     . . .     Faith    .   (armour unavailable)
rPois    .         Spirit   .   (helmet restricted)
rElec    .         Reflect  +   (no cloak)
rCorr    .         Harm     .   (no gloves)
MR       .....                  (no boots)
Stlth    +.........             q - +4 amulet of reflection
HPRegen  0.13/turn              (no ring)
MPRegen  0.11/turn              (no ring)

@: lethally poisoned (0 -> -6), very slightly contaminated
A: unfitting armour, cold-blooded, AC +5
a: no special abilities


You were on level 3 of the Dungeon.
You were very hungry.

You visited 1 branch of the dungeon, and saw 5 of its levels.

You collected 104 gold pieces.

Inventory:

Missiles
 a - 75 arrows
Armour
 n - a +0 pair of boots
Jewellery
 q - a +4 amulet of reflection (around neck)
Scrolls
 b - a scroll of teleportation {unknown}
 d - a scroll of enchant armour {unknown}
 g - 3 scrolls of identify {unknown}
 j - 2 scrolls of fear {unknown}
 k - a scroll of enchant weapon {unknown}
 o - a scroll of random uselessness {unknown}
 p - 2 scrolls of remove curse {unknown}
Potions
 e - 2 potions of lignification {unknown}
 f - a potion of heal wounds {unknown}
 h - 2 potions of agility {unknown}
 i - 2 potions of curing
 l - 2 potions of magic {unknown}
Comestibles
 c - 6 rations


   Skills:
 - Level 1.1 Fighting
 - Level 1.7 Dodging
 - Level 5.2 Unarmed Combat
 - Level 2.0 Spellcasting
 + Level 2.0 Transmutations
 - Level 2.0 Poison Magic


You had 2 spell levels left.
You knew the following spells:

 Your Spells              Type           Power        Failure   Level  Hunger
a - Beastly Appendage     Tmut           #.....       11%         1    ##.....
b - Sticks to Snakes      Tmut           #.......     16%         2    ###....
c - Spider Form           Tmut/Pois      #.........   30%         3    ####...

Your spell library contained the following spells:

 Spells                   Type           Power        Failure   Level  Hunger
 Ice Form                 Ice/Tmut       #.......     83%         4    #####..
 Blade Hands              Tmut           #.........   96%         5    ######.


Dungeon Overview and Level Annotations

Branches:
Dungeon (5/15)
 Temple: D:4-7

Altars:
Ru
Yredelemnul


Innate Abilities, Weirdness & Mutations

Your plain brown scales are hard. (AC +5)
You cannot fit into any form of body armour.
You are cold-blooded and may be slowed by cold attacks.


Message History

You hit the worker ant but do no damage.
You punch the worker ant, but do no damage.
The worker ant is heavily wounded.
The worker ant bites you but does no damage.
You feel better.
The worker ant bites you but does no damage.
You hit the worker ant.
The worker ant is severely wounded.
The worker ant bites you!
* * * LOW HITPOINT WARNING * * *
The worker ant closely misses you.
You feel better. The worker ant bites you.
* * * LOW HITPOINT WARNING * * *
You are poisoned.
The worker ant poisons you!
You hit the worker ant.
The worker ant is almost dead.
* * * LOW HITPOINT WARNING * * *
You feel sick. The worker ant bites you!
You die...

#.#
#.##....รท.
#.#
#.####.###
#.# #.# #.#
#.# #.# #.#
#.# #.# #.#
#.#########
#.# #.#
#......<..#
#.# #.#
#########.#
#.####.#
#########@#
#......#
#......>a.#
#####..#
#.#########
#..# #.#
#..# #.#
#..# #.#
#..# #.#
#..# #.#
#####..###
#.#
#.........


You could see a worker ant.

Vanquished Creatures
  7 adders
  2 oozes
  3 worms
  3 dart slugs
  2 leopard geckos
  An orc (D:3)
  5 giant cockroaches
  4 goblins
  A hobgoblin (D:1)
  9 jackals
  A quokka (D:2)
  A ball python (D:3)
  3 bats
  2 frilled lizards
  6 kobolds
  5 rats
55 creatures vanquished.

Notes
Turn   | Place    | Note
-------+----------+-------------------------------------------
     0 | D:1      | Gottschkopf the Draconian Transmuter began the quest for
                  | the Orb.
     0 | D:1      | Reached XP level 1. HP: 16/16 MP: 3/3
   185 | D:1      | Upgraded the game from 0.22-a0-833-g8522bf8125 to
                  | 0.23-a0-398-g8eab93fbe2
   208 | D:1      | Reached XP level 2. HP: 23/23 MP: 3/5
   466 | D:1      | Reached skill level 4 in Unarmed Combat
   471 | D:1      | Learned a level 2 spell: Sticks to Snakes
   596 | D:1      | Reached XP level 3. HP: 28/28 MP: 6/6
   826 | D:2      | Found a basalt altar of Yredelemnul.
  1281 | D:2      | Found a sacrificial altar of Ru.
  1293 | D:2      | Reached skill level 5 in Unarmed Combat
  1293 | D:2      | Reached XP level 4. HP: 14/35 MP: 4/7
  1650 | D:3      | Learned a level 3 spell: Spider Form
  1741 | D:3      | Reached skill level 1 in Poison Magic
  2115 | D:4      | Reached XP level 5. HP: 19/40 MP: 8/8
  2160 | D:4      | Noticed a hungry ghost
  2174 | D:5      | Entered Level 5 of the Dungeon
  2174 | D:5      | Noticed an ice beast
  2200 | D:3      | HP: 1/40 [worker ant (8)]
  2202 | D:3      | Slain by a worker ant

Vault maps used:
D:1:      dpeg_arrival_boxorama, minmay_heptomino_h4
D:2:      old_standard_altar, nicolae_ru_great_annihilating_truth
D:4:      grunt_temple_overflow_growth_and_decay, led_sif_book,
          kennysheep_small_circle
D:5:      grunt_temple_overflow_open, lemuel_doored_altar,
          minmay_temple_entry_enclosed_plants, first_ration,
          uniq_crazy_yiuf_cottage, uniq_edmund, uniq_pikel

Skill      XL: |  1  2  3  4  5 |
---------------+----------------+-----
Unarmed Combat | 4 5 |  5.2
Poison Magic   | 1 2 |  2.0
Fighting       | |  1.1
Dodging        | |  1.7
Spellcasting   | |  2.0
Transmutations | |  2.0

Action                   |  1- 3 |  4- 6 || total
-------------------------+-------+-------++-------
Melee: Unarmed           |   125 |    90 ||   215
       Headbutt          |     2 |     7 ||     9
       Tailslap          |    11 |     9 ||    20
       Kick              |     5 |     1 ||     6
       Punch             |     4 |     3 ||     7
 Cast: Beastly Appendage |    15 |    10 ||    25
  Use: Potion            |       |     3 ||     3
 Stab: Paralysed         |       |     2 ||     2
  Eat: Chunk             |     2 |     3 ||     5
Armor: Skin              |    29 |    23 ||    52
Dodge: Dodged            |    75 |    51 ||   126
Block: Other             |       |     4 ||     4

Table legend:
 A = Non-vault XP
 B = Vault XP
 C = Vault XP percentage of total XP
 D = Non-vault monster count
 E = Vault monster count
 F = Vault count percentage of total count
                 A         B        C        D         E       F
            +---------+---------+-------+---------+---------+-------
      Total |     177 |      24 |  11.9 |      47 |       8 |  14.5
            +---------+---------+-------+---------+---------+-------
        D:1 |      34 |       7 |  17.1 |      16 |       4 |  20.0
        D:2 |      57 |      17 |  23.0 |      14 |       4 |  22.2
        D:3 |      69 |       0 |   0.0 |      15 |       0 |   0.0
        D:4 |      17 |       0 |   0.0 |       2 |       0 |   0.0
            +---------+---------+-------+---------+---------+-------
